 Dungeon Crawl Stone Soup version 0.23-a0-29-g1be82e5 (webtiles) character file.

10110 Larett the Fighter (level 11, -3/111 HPs)
             Began as a Minotaur Berserker on Aug 3, 2018.
             Was a High Priest of Trog.
             Slain by Harold
             ... wielding a +0 scimitar
              (9 damage)
             ... on level 1 of the Orcish Mines.
             The game lasted 00:29:26 (9223 turns).

Larett the Fighter (Minotaur Berserker)             Turns: 9223, Time: 00:29:27

Health: -3/111     AC:  8    Str: 27    XL:     11   Next: 31%
Magic:  10/10      EV: 12    Int:  4    God:    Trog [*****.]
Gold:   545        SH:  0    Dex: 14    Spells: 10/10 levels left

rFire    + . .     SeeInvis .   a - +6 battleaxe of the Nexus {chop, rC+ Str+6}
rCold    + + .     Gourm    .   (shield currently unavailable)
rNeg     . . .     Faith    .   V - +2 leather armour {rC+}
rPois    .         Spirit   .   (helmet restricted)
rElec    .         Reflect  .   U - +0 cloak
rCorr    .         Harm     .   k - +0 pair of gloves
MR       ++...                  X - +0 pair of boots
Stlth    +.........             r - amulet of regeneration
HPRegen  1.68/turn              f - ring of protection from fire
MPRegen  0.12/turn              (no ring)

@: berserk cooldown, regenerating, slowed, very slow
A: retaliatory headbutt, horns 2
a: Berserk, Trog's Hand, Brothers in Arms, Renounce Religion


You were on level 1 of the Orcish Mines.
You worshipped Trog.
Trog was extremely pleased with you.
You were not hungry.

You visited 2 branches of the dungeon, and saw 10 of its levels.
You also visited: Sewer.

You collected 545 gold pieces.

Inventory:

Hand Weapons
 a - the +6 battleaxe of the Nexus (weapon) {chop, rC+ Str+6}
   (Trog gifted it to you on level 8 of the Dungeon)

   It inflicts extra damage upon your enemies.
   It affects your strength (+6).
   It protects you from cold.
 b - a +0 fustibalus
 m - a +2 dagger of flaming
 n - a +0 fustibalus
 q - a +0 blowgun
 w - a +2 dagger of freezing
 D - a +1 dagger of venom
 S - the +3 rapier "Miutuw" {pierce, *Noise +Rage rN++ MR+ Stlth+}
   (You found it on level 5 of the Dungeon)

   It inflicts extra damage upon your enemies.
   It greatly protects you from negative energy.
   It affects your resistance to hostile enchantments.
   It lets you go berserk.
   It may make noises in combat.
   It makes you more stealthy.
Missiles
 g - 61 sling bullets
 h - 103 bolts
 l - 6 needles of sleeping
 s - 3 poisoned needles
 t - 178 stones (quivered)
 v - 111 arrows
 M - 12 tomahawks
Armour
 k - a +0 pair of gloves (worn)
 C - a +3 ring mail
 U - a +0 cloak (worn)
 V - a +2 leather armour of cold resistance (worn)
 X - a +0 pair of boots (worn)
Jewellery
 f - a ring of protection from fire (left hand)
 r - an amulet of regeneration (around neck)
Wands
 y - a wand of disintegration (36)
 E - a wand of enslavement (12)
 I - a wand of iceblast (9)
 P - a wand of paralysis (12)
Scrolls
 j - 5 scrolls of fog
 p - a scroll of enchant armour {unknown}
 u - a scroll of immolation {!r}
 x - 3 scrolls of remove curse
 z - 2 scrolls of random uselessness {unknown}
 A - a scroll of fear {unknown}
 B - 2 scrolls of blinking
 F - a scroll of magic mapping {unknown}
 J - a scroll of torment {unknown}
 N - a scroll of silence {unknown}
 T - a scroll of teleportation {unknown}
 W - 2 scrolls of amnesia {unknown}
Potions
 d - a potion of magic
 i - a potion of berserk rage
 o - a potion of flight
 H - 2 potions of agility
 K - a potion of resistance
 L - 2 potions of heal wounds
 O - 2 potions of invisibility
 Q - a potion of curing
 Y - a potion of might
 Z - 2 potions of cancellation
Comestibles
 c - 14 rations


   Skills:
 + Level 14.7 Fighting
 - Level 8.6 Short Blades
 + Level 12.1 Axes
 - Level 2.4 Armour
 - Level 2.1 Dodging


You had 10 spell levels left.
You didn't know any spells.
Your spell library contained the following spells:

 Spells                   Type           Power        Failure   Level  Hunger
 Magic Dart               Conj           #...         54%         1    ##.....
 Conjure Flame            Conj/Fire      #.......     88%         3    ####...
 Slow                     Hex            #.......     67%         2    ###....
 Confuse                  Hex            #.......     88%         3    ####...
 Mephitic Cloud           Conj/Pois/Air  #.......     88%         3    ####...
 Blink                    Tloc           N/A          67%         2    ###....
 Iskenderun's Mystic Bla  Conj           #.......     99%         4    #####..
 Call Imp                 Summ           #.......     67%         2    ###....
 Confusing Touch          Hex            #.....       54%         1    ##.....
 Metabolic Englaciation   Hex/Ice        #.........   100%        5    ######.
 Petrify                  Tmut/Erth      #.......     99%         4    #####..
 Fulminant Prism          Conj/Hex       #.........   99%         4    #####..
 Dazzling Spray           Conj/Hex       #.....       88%         3    ####...
 Force Lance              Conj/Tloc      #.......     99%         4    #####..
 Searing Ray              Conj           #.....       67%         2    ###....
 Gell's Gravitas          Tloc           #.........   88%         3    ####...
 Yara's Violent Unravell  Hex/Tmut       #.........   100%        5    ######.


Dungeon Overview and Level Annotations

Branches:
Dungeon (9/15)             Temple (0/1) D:4             Orc (1/2) D:9
   Lair: D:8-11

Altars:
Elyvilon
Sif Muna
Uskayaw
Xom

Annotations:
Orc:1 Harold


Innate Abilities, Weirdness & Mutations

You reflexively headbutt those who attack you in melee.
You have a pair of horns on your head.


Message History

The orc warrior hits you with a long sword!
* * * LOW HITPOINT WARNING * * *
The orc wizard points at you and mumbles some strange words.
The magic dart hits you!
* * * LOW HITPOINT WARNING * * *
Harold throws a throwing net.
The throwing net hits you.
You become entangled in the net!
You see here a throwing net {!f}.
You struggle against the net.
You feel a strong urge to attack something.
The orc warrior hits you from afar with a trident!
* * * LOW HITPOINT WARNING * * *
You struggle against the net.
You are no longer berserk.
You are exhausted.
You feel yourself slow down.
The orc warrior hits you with a long sword!
* * * LOW HITPOINT WARNING * * *
You shred the net and break free! Harold hits you with a scimitar!
You die...

#.# #..# ....###..#
.....#...# >........#
.........## ...$......##
.......@...## ###
.....o.o@...####.## ##
....ยง.o[.#...##...# ###.
..$...).....###...####...
.............#......#....
..$.#................#.#.
..........#.........#.#..
>......o.................
....$....................
.............##.#........


You could see Harold, 2 orc warriors, an orc priest and an orc wizard.

Vanquished Creatures
  A hydra (D:8)
  A two-headed ogre (D:9)
  An orc high priest (Orc:1)
  Pikel (D:4)
  Maurice (D:8)
  Psyche (D:9)
  The ghost of boyce98 the Chopper, an amateur HOMo of Beogh (D:4)
  A hornet (D:7)
  2 dream sheep (D:8)
  Sigmund (D:2)
  2 yaks
  3 hungry ghosts (D:9)
  Menkaure (D:6)
  Duvessa (D:4)
  2 ice beasts
  2 orc warriors
  2 sky beasts
  4 slaves (D:4)
  An eye of draining (D:9)
  2 phantoms
  7 ogres
  2 centaurs (D:6)
  5 big kobolds
  Blork the orc (D:4)
  7 bullfrogs
  Dowan (D:4)
  3 scorpions
  9 killer bees
  4 howler monkeys
  2 centaur zombies
  3 crimson imps
  A bullfrog zombie (D:5)
  A hound (D:7)
  A quasit (D:8)
  A gnoll shaman (D:6)
  9 orc priests
  A bullfrog skeleton (D:4)
  A jelly (D:3)
  9 orc wizards
  7 iguanas
  9 worker ants
  A hound zombie (D:7)
  5 ogre zombies (D:9)
  2 hound skeletons
  Robin (D:2)
  10 adders
  A howler monkey skeleton (D:5)
  8 gnolls
  2 shadow imps (D:6)
  3 oozes
  An adder skeleton (D:5)
  4 worms
  2 dart slugs
  12 leopard geckos
  17 orcs
  7 bats
  14 giant cockroaches
  14 goblins
  9 hobgoblins
  14 jackals
  2 quokkas
  3 ball pythons
  13 frilled lizards
  2 goblin zombies (D:9)
  A hobgoblin skeleton (D:9)
  2 hobgoblin zombies (D:9)
  14 kobolds
  2 orc skeletons (D:9)
  8 orc zombies (D:9)
  6 rats
295 creatures vanquished.

Notes
Turn   | Place    | Note
-------+----------+-------------------------------------------
     0 | D:1      | Larett the Minotaur Berserker began the quest for the Orb.
     0 | D:1      | Reached XP level 1. HP: 19/19 MP: 0/0
    21 | D:1      | Reached skill level 4 in Fighting
   131 | D:1      | Reached XP level 2. HP: 24/27 MP: 1/1
   625 | D:1      | Reached XP level 3. HP: 34/34 MP: 2/2
   911 | D:2      | Reached ** piety under Trog
  1194 | D:2      | Found a hide-covered altar of Uskayaw.
  1273 | D:2      | Noticed Sigmund
  1290 | D:2      | HP: 4/35 [something/magic dart (11)]
  1291 | D:2      | Killed Sigmund
  1291 | D:2      | Reached skill level 6 in Fighting
  1291 | D:2      | Reached skill level 6 in Axes
  1291 | D:2      | Reached XP level 4. HP: 5/44 MP: 3/3
  1291 | D:2      | Reached XP level 5. HP: 6/50 MP: 4/4
  1637 | D:2      | Noticed an ogre
  1648 | D:2      | Killed an ogre
  1648 | D:2      | Reached XP level 6. HP: 25/58 MP: 5/5
  1767 | D:2      | Noticed Robin
  1785 | D:2      | Killed Robin
  2771 | D:4      | Noticed Duvessa
  2771 | D:4      | Noticed Dowan
  2779 | D:4      | Killed Duvessa
  2779 | D:4      | Reached skill level 7 in Fighting
  2779 | D:4      | Reached XP level 7. HP: 66/66 MP: 6/6
  2781 | D:4      | Killed Dowan
  2879 | D:4      | Found a runed door.
  2883 | D:4      | Noticed boyce98's ghost (amateur HOMo)
  3089 | D:4      | Killed boyce98's ghost
  3089 | D:4      | Reached skill level 8 in Fighting
  3298 | D:4      | Noticed a spatial vortex
  3298 | D:4      | Noticed a spatial vortex
  3346 | D:4      | Noticed Pikel
  3371 | D:4      | Reached XP level 8. HP: 56/75 MP: 7/7
  3377 | D:4      | Killed Pikel
  3377 | D:4      | Reached skill level 9 in Fighting
  3377 | D:4      | Reached skill level 9 in Axes
  3513 | D:4      | Noticed Blork the orc
  3524 | D:4      | Killed Blork the orc
  3640 | D:4      | Found a shimmering altar of Xom.
  3749 | D:4      | Found a white marble altar of Elyvilon.
  3790 | D:4      | Reached skill level 10 in Fighting
  3889 | D:4      | Found a staircase to the Ecumenical Temple.
  4045 | D:5      | Entered Level 5 of the Dungeon
  4072 | D:5      | Found a glowing drain.
  4080 | Sewer    | Entered a sewer
  4144 | Sewer    | Reached *** piety under Trog
  4688 | D:5      | Reached XP level 9. HP: 86/86 MP: 8/8
  4999 | D:5      | Got a faintly glowing rapier
  5000 | D:5      | Identified the cursed +3 rapier "Miutuw" {pierce, *Noise +Rage rN++ MR+ Stlth+} (You found it on level 5 of the Dungeon)
  5061 | D:5      | Reached skill level 11 in Fighting
  5061 | D:5      | Reached skill level 1 in Short Blades
  5388 | D:6      | Noticed Menkaure
  5395 | D:6      | Killed Menkaure
  5478 | D:6      | Reached **** piety under Trog
  5513 | D:6      | Reached skill level 3 in Short Blades
  5724 | D:6      | Found a hide-covered altar of Uskayaw.
  6200 | D:6      | Reached skill level 12 in Fighting
  6284 | D:6      | Reached ***** piety under Trog
  6739 | D:7      | Reached XP level 10. HP: 40/99 MP: 9/9
  7346 | D:6      | Reached skill level 6 in Short Blades
  7792 | D:8      | Reached skill level 13 in Fighting
  7834 | D:8      | Noticed a three-headed hydra
  7843 | D:8      | Killed a three-headed hydra
  8146 | D:8      | Noticed Maurice
  8156 | D:8      | Killed Maurice
  8156 | D:8      | Received a gift from Trog
  8170 | D:8      | Got an encrusted battleaxe {god gift}
  8171 | D:8      | Identified the +6 battleaxe of the Nexus {chop, rC+ Str+6} (Trog gifted it to you on level 8 of the Dungeon)
  8351 | D:8      | Found a white marble altar of Elyvilon.
  8691 | D:9      | Reached skill level 14 in Fighting
  8707 | D:9      | Reached XP level 11. HP: 59/110 MP: 8/10
  8807 | D:9      | Found a deep blue altar of Sif Muna.
  8944 | D:9      | Noticed Psyche
  8949 | D:9      | Killed Psyche
  9101 | D:9      | Found a staircase to the Orcish Mines.
  9120 | D:9      | Noticed a two-headed ogre
  9125 | D:9      | Killed a two-headed ogre
  9143 | Orc:1    | Entered Level 1 of the Orcish Mines
  9207 | Orc:1    | Noticed an orc high priest
  9211 | Orc:1    | Noticed Harold
  9219 | Orc:1    | Noticed a sun demon
  9219 | Orc:1    | Killed an orc high priest
  9219 | Orc:1    | Reached skill level 12 in Axes
  9221 | Orc:1    | HP: 21/166 [orc warrior/trident (15)]
  9222 | Orc:1    | HP: 3/111 [orc warrior/long sword[an orc high priest] (12)]
  9223 | Orc:1    | Slain by Harold

Vault maps used:
D:1:      onia_arrival_handbag, kennysheep_boxes
D:2:      lemuel_crystal_altar, uniq_robin, uniq_sigmund
D:3:      first_ration
D:4:      elyvilon_altar_5, old_standard_altar, temple_doors_e,
          ebering_ghost_sewer_d, minmay_box_of_dots, uniq_blork_the_orc,
          uniq_pikel, uniq_duvessa
D:5:      gup_sewer_entry_pipe, minmay_misc_feat_rugged
D:6:      basic_altar, uniq_menkaure
D:7:      minivault_22, serial_park_tiny_pond, nrook_loot_triangle
D:8:      basic_altar, hangedman_ranch, uniq_maurice
D:9:      kennysheep_mini_moat, lair_entry_dummy, zombieorc1_lemuel,
          minivault_16, uniq_psyche
Orc:1:    serial_shops, nicolae_shop_temple_entry_statues_fountains,
          nicolae_volcano_entry_two_sided, uniq_harold
Sewer:    sewer_frog_island_01

Skill      XL: |  1  2  3  4  5  6  7  8  9 10 11 |
---------------+----------------------------------+-----
Fighting       | 4 6 7 8 10 12 14 | 14.7
Axes           | 4 6 7 8 10 11 12 | 12.1
Short Blades   | 5 8 |  8.6
Armour         | |  2.4
Dodging        | |  2.1

Action                   |  1- 3 |  4- 6 |  7- 9 | 10-12 || total
-------------------------+-------+-------+-------+-------++-------
Melee: Hand axe          |    74 |    48 |    59 |       ||   181
       Headbutt          |     8 |    17 |    60 |    35 ||   120
       War axe           |       |       |   108 |       ||   108
       Rapier            |       |       |   130 |   110 ||   240
       Battleaxe         |       |       |       |    77 ||    77
 Fire: Hunting sling     |       |    31 |     6 |       ||    37
       Fustibalus        |       |       |    22 |    25 ||    47
Invok: Trog's Hand       |     1 |     3 |     6 |     4 ||    14
       Berserk           |       |     2 |     2 |     2 ||     6
Evoke: Wand              |       |       |     1 |     1 ||     2
  Use: Potion            |       |       |     5 |     1 ||     6
       Scroll            |       |       |    12 |     1 ||    13
 Stab: Sleeping          |     1 |       |     1 |       ||     2
       Distracted        |       |       |       |     1 ||     1
  Eat: Chunk             |     1 |     7 |    18 |    11 ||    37
       Ration            |       |       |       |     1 ||     1
Armor: Animal skin       |    12 |     6 |     1 |       ||    19
       Ring mail         |       |       |    45 |       ||    45
       Leather armour    |       |       |    58 |    38 ||    96
Dodge: Dodged            |    47 |    36 |   243 |   108 ||   434

Table legend:
 A = Spawn XP
 B = Non-spawn XP
 C = Spawn XP percentage of total XP
 D = Spawn monster count
 E = Non-spawn monster count
 F = Spawn count percentage of total count
 G = Total turns spent on level
                    A         B        C        D         E        F      G
               +---------+---------+-------+---------+---------+-------+---------
         Total |       0 |   14443 |   0.0 |       0 |     291 |   0.0 |  9223
               +---------+---------+-------+---------+---------+-------+---------
           D:1 |       0 |      49 |   0.0 |       0 |      25 |   0.0 |   893
           D:2 |       0 |     418 |   0.0 |       0 |      25 |   0.0 |  1036
           D:3 |       0 |     159 |   0.0 |       0 |      17 |   0.0 |   842
           D:4 |       0 |    1805 |   0.0 |       0 |      24 |   0.0 |  1274
           D:5 |       0 |     799 |   0.0 |       0 |      32 |   0.0 |   814
           D:6 |       0 |    1252 |   0.0 |       0 |      33 |   0.0 |   988
           D:7 |       0 |    1744 |   0.0 |       0 |      31 |   0.0 |  1308
           D:8 |       0 |    3670 |   0.0 |       0 |      45 |   0.0 |   987
           D:9 |       0 |    3309 |   0.0 |       0 |      36 |   0.0 |   473
         Orc:1 |       0 |    1021 |   0.0 |       0 |       5 |   0.0 |    80
         Sewer |       0 |     217 |   0.0 |       0 |      18 |   0.0 |   528
               +---------+---------+-------+---------+---------+-------+---------
